 Dungeon Crawl Stone Soup version 0.30.0-19-g36f170ea60 (webtiles) character file.

Game seed: 1855662420486834203

1417 Peloso the Protected (level 8, -7/71 HPs)
             Began as a Minotaur Fighter on May 27, 2023.
             Mangled by an orc knight
             ... wielding a +0 halberd
              (12 damage)
             ... in a bailey.
             The game lasted 00:09:21 (3870 turns).

Peloso the Protected (Minotaur Fighter)             Turns: 3870, Time: 00:09:22

Health: -7/71      AC: 15    Str: 26    XL:     8   Next: 43%
Magic:  7/7        EV:  7    Int:  5    God:
Gold:   199        SH:  5    Dex: 11    Spells: 7/7 levels left

rFire   . . .        a - +3 scimitar (freeze)
rCold   . . .        d - +0 buckler
rNeg    . . .        c - +0 plate armour
rPois   .            (helmet restricted)
rElec   .            (no cloak)
rCorr   .            f - +0 pair of gloves of Perfidy {Regen+ Str+4}
SInv    .            (no boots)
Will    .....        (no amulet) Stlth
                     g - ring of flight
HPRegen 1.11/turn    (no ring)
MPRegen 0.10/turn

%: no passive effects
@: flying
A: horns 2, retaliatory headbutt
a: no special abilities


You were in a bailey.
You visited 1 branch of the dungeon, and saw 5 of its levels.
You also visited: Bailey.

You collected 199 gold pieces.

Inventory:

Hand Weapons
 a - a +3 scimitar of freezing (weapon)
Armour
 b - a +0 scale mail
 c - a +0 plate armour (worn)
 d - a +0 buckler (worn)
 f - the +0 pair of gloves of Perfidy (worn) {Regen+ Str+4}
   (You acquired it in a bailey)

   Str:       It affects your strength (+4).
   Regen:     It increases your rate of health regeneration.
Jewellery
 g - a ring of flight (left hand)
 j - a ring of magical power
Scrolls
 h - a scroll of butterflies
 l - a scroll of silence {unknown}
 m - a scroll of magic mapping {unknown}
 n - a scroll of brand weapon {unknown}
 o - a scroll of teleportation {unknown}
 p - a scroll of immolation {unknown}
 q - a scroll of fog {unknown}
 s - a scroll of poison {unknown}
 t - a scroll of blinking {unknown}
 u - a scroll of enchant weapon {unknown}
Potions
 e - 2 potions of might
 r - a potion of magic


   Skills:
 + Level 6.6 Fighting
 + Level 7.8 Long Blades
 + Level 8.1 Armour
 + Level 0.5 Dodging
 + Level 0.3 Stealth
 + Level 5.2 Shields


You had 7 spell levels left.
You didn't know any spells.
Your spell library contained the following spells:

 Spells                   Type           Power      Damage    Failure   Level
 Kiss of Death            Conj/Necr      0%         2d5       100%        1
 Sublimation of Blood     Necr           0%         N/A       100%        2
 Wereblood                Tmut           0%         N/A       100%        2
 Confusing Touch          Hex            0%         N/A       100%        3
 Dispel Undead            Necr           0%         3d6       100%        4
 Summon Hydra             Summ           0%         N/A       100%        7


Dungeon Overview and Level Annotations

Branches:
Dungeon (7/15)             Bailey (1/1)
 Temple: D:4-7

Altars:
Nemelex Xobeh

Annotations:
D:2 Dig


Innate Abilities, Weirdness & Mutations

You have a pair of horns on your head.
You reflexively headbutt those who attack you in melee.


Message History

Things that are here:
a +0 arbalest; a +0 ring mail Sorry, you're not good enough to have a special ability.
Sorry, you're not good enough to have a special ability.
The orc warrior no longer looks unusually strong.
You barely miss the orc warrior.
The orc warrior hits you with a +0 glaive!
You slash the orc warrior! You freeze the orc warrior.
The orc warrior is heavily wounded.
The orc warrior closely misses you.
You barely miss the orc warrior.
The orc warrior is heavily wounded.
The orc warrior hits you with a +0 glaive!
You hit the orc warrior but do no damage.
Your headbutt misses the orc warrior.
The orc warrior is heavily wounded.
The orc warrior hits you with a +0 glaive.
You closely miss the orc warrior.
The orc warrior is heavily wounded.
The orc warrior splashes around in the water. x2
You hit the orc warrior. You freeze the orc warrior.
The orc warrior is heavily wounded.
The orc warrior hits you with a +0 glaive!
You closely miss the orc warrior.
The orc warrior is heavily wounded.
The orc knight hits you from afar with a +0 halberd!
The orc warrior hits you with a +0 glaive.
You hit the orc warrior. You freeze the orc warrior.
The orc warrior is severely wounded.
The orc knight hits you from afar with a +0 halberd!
* * * LOW HITPOINT WARNING * * *
The orc warrior barely misses you. You furiously retaliate!
You headbutt the orc warrior! You barely miss the orc warrior.
You headbutt the orc warrior.
You kill the orc warrior!
You hear a splash. x2
The orc knight hits you from afar with a +0 halberd!
* * * LOW HITPOINT WARNING * * *
The orc knight hits you from afar with a +0 halberd!
You die...

#.....≈≈###≈≈~~~~~~~~~~~~~~~≈
#.....≈##.##≈~~~~~~~~~~~~~~~≈
#...))≈#....~~~~~~~~~~~~~~~~~
#.....≈##.∩#≈~~~~~~~~~~~~~~~≈
#.....≈≈#)##≈~~~~~~###~~~~~~≈
#.....~≈≈)≈≈≈~~~#########~~~≈
#.....~))~~~~~~##~~~~~~~##~~~
#.....~~~~o~~~##~~#'#'#~~##~~
#.....~~~~~~@~#~~##)#)##~~#~~
#.....~~~~~~~##~#########~##~
#.....~~~~~~~##~'.#).)#)'~##~
#.....~~~~~~~##~###.8.###~##~
#.....~~~~~~~##~'?#..o#)'~##~
#.....~~~~~~~##~####o####o##~
#.....~~~~~~~##~~##∩.o##o~#~~
#.....~~~~~~~~~~~##'''#~~##~~
#.....~~~~~~~~~~~##~~~o~##~~~


You could see an orc knight.

Vanquished Creatures
  8 orc warriors (Bailey)
  A black bear (D:7)
  A centaur (D:7)
  Blork the orc (D:4)
  5 wights (D:7)
  A sleepcap (D:4)
  An adder (D:3)
  6 gnolls
  2 dart slugs
  12 orcs (Bailey)
  5 ball pythons
  4 bats
  4 endoplasms
  A giant cockroach (D:1)
  4 goblins
  4 hobgoblins
  2 quokkas
  2 frilled lizards
  3 kobolds
  A rat (D:3)
68 creatures vanquished.

Notes
Turn   | Place    | Note
-------+----------+-------------------------------------------
     0 | D:1      | Peloso the Minotaur Fighter began the quest for the Orb.
     0 | D:1      | Reached XP level 1. HP: 19/19 MP: 0/0
   110 | D:1      | Reached XP level 2. HP: 27/27 MP: 1/1
   409 | D:1      | Reached skill level 4 in Armour
   636 | D:2      | Found a sparkling altar of Nemelex Xobeh.
  1086 | D:3      | Reached XP level 3. HP: 30/33 MP: 2/2
  1432 | D:3      | Reached XP level 4. HP: 40/41 MP: 3/3
  2083 | D:4      | Noticed Blork the orc
  2094 | D:4      | Killed Blork the orc
  2095 | D:4      | Reached skill level 5 in Fighting
  2095 | D:4      | Reached XP level 5. HP: 31/48 MP: 4/4
  2338 | D:4      | Reached skill level 5 in Armour
  2411 | D:4      | You are sucked into a shaft and drop 3 floors!
  2415 | D:7      | Noticed a centaur
  2425 | D:7      | Killed a centaur
  2426 | D:7      | Reached XP level 6. HP: 43/56 MP: 5/5
  2469 | D:7      | Found a flagged portal.
  2482 | D:7      | Reached skill level 5 in Long Blades
  2669 | D:7      | Reached skill level 6 in Armour
  2681 | D:7      | Reached XP level 7. HP: 47/62 MP: 6/6
  2721 | Bailey   | Entered a bailey
  2845 | Bailey   | Reached skill level 7 in Armour
  3141 | Bailey   | Reached skill level 5 in Shields
  3324 | Bailey   | Reached XP level 8. HP: 49/70 MP: 7/7
  3705 | Bailey   | Reached skill level 8 in Armour
  3744 | Bailey   | Acquired the +0 pair of gloves of Perfidy {Regen+ Str+4}
  3754 | Bailey   | Noticed an orc knight
  3870 | Bailey   | Mangled by an orc knight

Illustrated notes

Levels and vault maps discovered:
D:1:      scummos_arrival_forest, layout_loops_ring
D:2:      layout_rooms, basic_altar, serial_glass, glass_columns_a,
          glass_columns_c, glass_columns_c, due_unseen_surprise,
          item_on_display_a, minmay_crystal_water
D:3:      layout_loops_cross
D:4:      layout_basic, mainiacjoe_overflow_surrounded_room,
          pdpol_wu_jian_five_deadly_venoms, uniq_blork_the_orc
D:7:      layout_rooms, enter_bailey_8, grunt_decor_fettered,
          minmay_stone_trees_medium
Bailey:   bailey_polearm_2, bailey

Skill      XL: |  1  2  3  4  5  6  7  8 |
---------------+-------------------------+-----
Fighting       | 4 5 6 |  6.6
Armour         | 4 5 6 7 8 |  8.1
Shields        | 4 5 |  5.2
Long Blades    | 3 4 5 6 7 |  7.8
Dodging        | |  0.5
Stealth        | |  0.3

Action                     |  1- 3 |  4- 6 |  7- 9 || total
---------------------------+-------+-------+-------++-------
  Melee: Long sword        |    76 |    59 |       ||   135
         Headbutt          |    12 |    16 |    12 ||    40
         Scimitar          |       |    12 |    76 ||    88
  Throw: Throwing net      |       |       |     2 ||     2
    Use: Potion            |     2 |       |       ||     2
         Scroll            |       |       |     4 ||     4
 Armour: Scale mail        |    31 |       |       ||    31
         Plate armour      |    22 |    64 |    49 ||   135
  Dodge: Dodged            |    26 |    33 |    34 ||    93
  Block: Buckler           |    16 |    19 |    21 ||    56
